 Dungeon Crawl Stone Soup version 0.31-a0-672-g7da72447bb (webtiles) character file.

Game seed: 10735556525172642526

48 jlumianski the Trooper (level 3, 0/29 HPs)
             Began as a Demonspawn Fighter on Sept 5, 2023.
             Succumbed to an orc's poison
             ... on level 2 of the Dungeon.
             The game lasted 00:02:46 (926 turns).

jlumianski the Trooper (Demonspawn Fighter)          Turns: 926, Time: 00:02:47

Health: 0/29       AC:  7    Str: 18    XL:     3   Next: 50%
Magic:  3/3        EV:  6    Int:  9    God:
Gold:   46         SH:  4    Dex: 12    Spells: 2/2 levels left

rFire   . . .        a - +0 war axe
rCold   . . .        c - +0 buckler
rNeg    . . .        b - +0 scale mail
rPois   .            i - +0 helmet
rElec   .            (no cloak)
rCorr   .            (no gloves)
SInv    .            (no boots)
Will    +....        (no amulet) Stlth
                     (no ring)
HPRegen 0.24/turn    (no ring)
MPRegen 0.08/turn

%: no passive effects
@: brilliant, lethally poisoned (0 -> -3), enlightened, flying, constricted
A: hooves 1, ignite blood 1
a: no special abilities


You were on level 2 of the Dungeon.
You visited 1 branch of the dungeon, and saw 2 of its levels.

You collected 46 gold pieces.

Inventory:

Hand Weapons
 a - a +0 war axe (weapon)
Armour
 b - a +0 scale mail (worn)
 c - a +0 buckler (worn)
 i - a +0 helmet (worn)
Scrolls
 g - a scroll of teleportation
 h - a scroll of immolation {unknown}
Potions
 d - a potion of might


   Skills:
 * Level 3.4 Fighting
 + Level 2.5 Axes
 + Level 3.0 Armour
 + Level 0.5 Dodging
 + Level 2.8 Shields


You had 2 spell levels left.
You didn't know any spells.
Your spell library was empty.

Dungeon Overview and Level Annotations

Branches:
Dungeon (2/15)

Altars:


Innate Abilities, Weirdness & Mutations

You have large cloven feet.
Your demonic aura sometimes causes spilled blood to erupt in flames.


Message History

You see here a worm corpse.
An orc comes into view. It is wielding a +0 dagger of venom.
The orc shouts!
You barely miss the orc.
A ball python comes into view.
The orc hits you with a +0 dagger of venom.
You are poisoned.
You barely miss the orc.
The ball python hisses angrily.
You kick the orc, but do no damage.
You feel very sick. The orc closely misses you. x2
You slash the orc!
You kill the orc!
You feel very sick. The ball python barely misses you.
The ball python closely misses you.
You closely miss the ball python.
You feel sick. The ball python bites you.
* * * LOW HITPOINT WARNING * * *
You block the ball python's attack.
The ball python bites you but does no damage.
The ball python closely misses you.
It was a potion of brilliance.
You feel clever all of a sudden.
* * * LOW HITPOINT WARNING * * *
You feel sick. The ball python bites you.
* * * LOW HITPOINT WARNING * * *
The ball python completely misses you.
It was a potion of enlightenment.
You feel very buoyant.
You fly up into the air.
* * * LOW HITPOINT WARNING * * *
You feel sick.
The ball python bites you but does no damage.
The ball python grabs you. The ball python constricts you.
Okay, then.
Unknown command.
As you read the scroll labelled AMAOBU SEPACUL, it crumbles to dust.
It is a scroll of identify.
g - a scroll of teleportation You die...

.. .# # #.) #. .# .#. #.#
#.#.###... #.#
..###......... #.#
............. #.#
..##.#.... #.# #.##S..#
#.# # ##.##@..# #.# #.
##...#...#
#.####.####.......†#.####
.<............†.†........
########...............##
# #.###...##.##.#.# # #.#
###.#........
########.#####.#.###.....
...............#. ...#


You could see a ball python.

Vanquished Creatures
  2 worms (D:2)
  A dart slug (D:1)
  An orc (D:2)
  2 bats
  3 endoplasms (D:1)
  4 goblins (D:1)
  3 hobgoblins
  4 jackals (D:1)
  4 kobolds (D:1)
  2 quokkas
  5 ball pythons
  A frilled lizard (D:1)
  3 rats (D:1)
35 creatures vanquished.

Notes
Turn   | Place    | Note
-------+----------+-------------------------------------------
     0 | D:1      | jlumianski the Demonspawn Fighter began the quest for the
                  | Orb.
     0 | D:1      | Reached XP level 1. HP: 18/18 MP: 1/1
   198 | D:1      | Gained mutation: Your demonic aura sometimes causes spilled
                  | blood to erupt in flames. [demonic ancestry]
   198 | D:1      | Reached XP level 2. HP: 23/24 MP: 2/2
   622 | D:1      | Discovered your monstrous ancestry.
   622 | D:1      | Gained mutation: You have large cloven feet. [demonic
                  | ancestry]
   622 | D:1      | Reached XP level 3. HP: 28/29 MP: 3/3
   924 | D:2      | HP: 1/29 [ball python (3)]
   926 | D:2      | Succumbed to an orc's poison

Illustrated notes

Levels and vault maps discovered:
D:1:      ncdulo_halloftheorcs, layout_loops_ring
D:2:      layout_loops_ring, serial_shops, nicolae_shop_statue_plus,
          glass_columns_a

Skill      XL: |  1  2 |
---------------+-------+-----
Axes           | 2 |  2.5
Armour         | 3 |  3.0
Fighting       | |  3.4
Dodging        | |  0.5
Shields        | |  2.8

Action                     || total
---------------------------++-------
  Melee: War axe           ||   104
         Kick              ||     5
    Use: Potion            ||     2
         Scroll            ||     1
 Armour: Scale mail        ||    77
  Dodge: Dodged            ||    57
  Block: Buckler           ||    24

Table legend: (Time is in decaauts)
 A = Elapsed time spent in this place.
 B = Non-inter-level travel time spent in this place.
 C = Inter-level travel time spent in this place.
 D = Time resting spent in this place.
 E = Time spent auto-exploring this place.
 F = Levels seen in this place.
 G = Mean time per level.
                   A        B        C        D        E       F      G
               +--------+--------+--------+--------+--------+-----+--------+
         Total |    972 |    943 |     29 |      0 |    584 |   2 |  486.0 |
       Dungeon |    972 |    943 |     29 |      0 |    584 |   2 |  486.0 |
               +--------+--------+--------+--------+--------+-----+--------+

Top non-repeatable levels by time:
     D:1: 847 daAuts
     D:2: 124 daAuts
